 Dungeon Crawl Stone Soup version 0.29.1-4-g47bece8355 (webtiles) character file.

Game seed: 2632593699342388041

1320 KittyFluff the Trooper (level 8, -8/78 HPs)
             Began as a Gargoyle Berserker on Dec 3, 2022.
             Was a Believer of Trog.
             Mangled by a wight
             ... wielding a +0 battleaxe
              (11 damage)
             ... on level 6 of the Dungeon.
             The game lasted 00:23:04 (5176 turns).

KittyFluff the Trooper (Gargoyle Berserker)         Turns: 5176, Time: 00:23:05

Health: -8/78      AC:  9    Str: 34    XL:     8   Next: 59%
Magic:  8/8        EV: 13    Int: 10    God:    Trog [**....]
Gold:   238        SH:  5    Dex: 11    Spells: 7/7 levels left

rFire   . . .      SeeInvis .   a - +0 mace
rCold   . . .      Faith    .   (no shield)
rNeg    + . .      Spirit   .   l - +1 robe of Xoung {+Blink Will+ Int+3 Slay+2}
rPois   ∞          Reflect  +   (no helmet)
rElec   +          Harm     .   F - +0 cloak
rCorr   .          Rampage  .   (no gloves)
Will    +....                   (no boots)
Stlth   ..........              L - amulet of reflection
HPRegen 0.23/turn               g - +6 ring of strength
MPRegen 0.11/turn               c - +6 ring of strength

@: berserking, very quick
A: sickness immunity, AC +5, negative energy resistance 1, electricity
resistance, torment resistance 1, petrification resistance
a: Renounce Religion, Evoke Blink, Berserk, Trog's Hand


You were on level 6 of the Dungeon.
You worshipped Trog.
Trog was pleased with you.
You visited 1 branch of the dungeon, and saw 6 of its levels.

You collected 238 gold pieces.

Inventory:

Hand Weapons
 a - a +0 mace (weapon)
 h - a +2 whip of draining
 y - a +0 sling
Missiles
 i - 67 stones (quivered)
 x - 5 atropa-tipped darts
 B - a boomerang
 I - 10 poisoned darts
 J - 9 javelins
Armour
 l - the +1 robe of Xoung (worn) {+Blink Will+ Int+3 Slay+2}
   (You found it on level 2 of the Dungeon)

   Int:       It affects your intelligence (+3).
   Slay:      It affects your accuracy & damage with ranged weapons and melee
   (+2).
   +Blink:    It lets you blink.
   Will:      It increases your willpower.
 D - a +0 leather armour
 F - a +0 cloak (worn)
Magical Staves
 k - a staff of conjuration
Jewellery
 c - a +6 ring of strength (right hand)
 g - a +6 ring of strength (left hand)
 z - a ring of see invisible
 C - a +6 ring of intelligence
 K - a ring of positive energy
 L - an amulet of reflection (around neck)
 M - a +6 ring of strength
 P - a ring of protection from cold
Wands
 G - a wand of polymorph (8)
Scrolls
 b - a scroll of vulnerability {unknown}
 j - a scroll of enchant armour {unknown}
 n - a scroll of torment {unknown}
 o - 2 scrolls of noise {unknown}
 p - a scroll of brand weapon {unknown}
 q - a scroll of poison {unknown}
 u - 2 scrolls of teleportation {unknown}
 v - a scroll of summoning {unknown}
 A - a scroll of immolation {unknown}
 E - a scroll of blinking {unknown}
 H - a scroll of enchant weapon {unknown}
Potions
 d - 2 potions of berserk rage
 e - a potion of resistance
 f - 2 potions of invisibility
 m - 3 potions of attraction
 r - 2 potions of curing {unknown}
 s - 2 potions of lignification {unknown}
 t - a potion of haste {unknown}
 w - 2 potions of brilliance {unknown}
 N - a potion of cancellation {unknown}
 O - a potion of ambrosia {unknown}


   Skills:
 * Level 6.8 Fighting
 + Level 6.6 Maces & Flails
 + Level 1.8 Ranged Weapons
 + Level 2.5 Armour
 + Level 3.7 Dodging
 + Level 3.2 Stealth
 + Level 2.1 Shields
 + Level 0.2 Unarmed Combat


You had 7 spell levels left.
You didn't know any spells.
Your spell library was empty.

Dungeon Overview and Level Annotations

Branches:
Dungeon (6/15)
 Temple: D:4-7

Altars:
Okawaru
Qazlal

Shops:
D:6 ?


Innate Abilities, Weirdness & Mutations

You are immune to sickness and miasma.
Your stone body is resilient. (AC +5)
You are immune to poison.
You resist negative energy. (rN+)
You are resistant to electric shocks. (rElec)
You are resistant to unholy torment.
You are immune to petrification.


Message History

The steam dragon is almost dead.
The steam dragon breathes steam at you. The ball of steam hits you!
* * * LOW HITPOINT WARNING * * *
You bludgeon the steam dragon!!
You kill the steam dragon!
Trog accepts your kill.
You are engulfed in a cloud of scalding steam.
You start resting.
You feel a strong urge to attack something.
You start resting.
You feel your anger nearly subside.
You are no longer berserk.
You are exhausted.
You feel yourself slow down.
You start resting.
You hear the brisk rusting of a distant drain.
You start resting.
You feel yourself speed up.
You start resting.
A wight comes into view. It is wielding a +0 halberd.
A wight is nearby!
A wight comes into view. It is wielding a +0 battleaxe.
The wight misses you.
You thump the wight!
The wight is moderately damaged.
The wight hits you with a +0 battleaxe.
* * * LOW HITPOINT WARNING * * *
A wight comes into view. It is wielding a +0 war axe.
You sock the wight!
The wight is almost destroyed.
You recover from your berserk rage.
You block the wight's attack.
You hit the wight but do no damage.
The wight is almost destroyed.
The wight hits you with a +0 battleaxe!
* * * LOW HITPOINT WARNING * * *
A red film seems to cover your vision as you go berserk!
You feel yourself moving faster!
You feel mighty! The wight hits you with a +0 battleaxe!
You die...

.......#####.. ###
####...:........ ..#
###.#######.... #.#
#~~.~~### ... #z#
#~#+#~..# #.# #.#
#..+∩'...# #.# #.# ..
#+#~..## #.## #.#
.#~~.~~#..####.z###.#
.###..##.......z@.z.#
##.....#####.#####
####.## #.# #.# #<#
#.# #.# #.# #.# ..
#.# #.#


You could see 3 wights.

Vanquished Creatures
  A steam dragon (D:6)
  A water moccasin (D:6)
  Pargi (D:4)
  A black bear (D:5)
  An ogre (D:6)
  A phantom (D:6)
  A kobold brigand (D:4)
  A necrophage (D:5)
  2 bullfrogs
  2 scorpions
  A howler monkey (D:6)
  2 hounds
  2 jellies
  Ijyb (D:3)
  An iguana (D:5)
  An orc wizard (D:3)
  8 adders
  A shadow imp (D:6)
  A white imp (D:5)
  2 ufetubi
  A worm (D:3)
  4 orcs
  4 ball pythons
  3 endoplasms
  3 giant cockroaches
  9 hobgoblins
  4 quokkas
  7 bats
  A frilled lizard (D:1)
  6 goblins
  3 kobolds
  3 rats
80 creatures vanquished.

Notes
Turn   | Place    | Note
-------+----------+-------------------------------------------
     0 | D:1      | KittyFluff the Gargoyle Berserker began the quest for the
                  | Orb.
     0 | D:1      | Reached XP level 1. HP: 14/14 MP: 1/1
   268 | D:1      | Reached XP level 2. HP: 10/20 MP: 2/2
  1147 | D:2      | Identified the +1 robe of Xoung {+Blink Will+ Int+3 Slay+2}
  1216 | D:2      | Reached XP level 3. HP: 24/24 MP: 3/3
  2099 | D:3      | Reached XP level 4. HP: 25/30 MP: 4/4
  2400 | D:3      | Found a faded altar of an unknown god.
  2578 | D:3      | Noticed Ijyb
  2583 | D:3      | Reached skill level 1 in Stealth
  2590 | D:3      | Killed Ijyb
  2591 | D:3      | Reached XP level 5. HP: 14/34 MP: 5/5
  3031 | D:4      | Noticed a kobold brigand
  3054 | D:3      | Reached ** piety under Trog
  3055 | D:3      | Reached skill level 5 in Fighting
  3178 | D:4      | Killed a kobold brigand
  3179 | D:4      | Reached XP level 6. HP: 40/40 MP: 6/6
  3479 | D:4      | Noticed Pargi
  3483 | D:4      | Reached skill level 5 in Maces & Flails
  3497 | D:4      | Killed Pargi
  3498 | D:4      | Reached XP level 7. HP: 44/44 MP: 7/7
  3992 | D:5      | Entered Level 5 of the Dungeon
  4187 | D:5      | Found a stormy altar of Qazlal.
  4187 | D:5      | Found an iron altar of Okawaru.
  4210 | D:5      | Reached skill level 1 in Ranged Weapons
  4331 | D:5      | Reached skill level 1 in Shields
  4723 | D:6      | Reached XP level 8. HP: 34/51 MP: 8/8
  5105 | D:6      | Found Amnidita's Magic Scroll Emporium.
  5175 | D:6      | HP: 2/52 [wight/+0 battleaxe (9)]
  5176 | D:6      | Mangled by a wight

Illustrated notes

Levels and vault maps discovered:
D:1:      saegor_arrival_miasma, layout_loops_corners
D:2:      layout_basic, mrwooster_statue_mirror
D:3:      layout_basic, ebering_ecumenical_altar_box, uniq_ijyb
D:4:      layout_loops_ring, minivault_1, uniq_pargi
D:5:      layout_cave_pools, gammafunk_temple_overflow_statue,
          guppyfry_early_lair_pool
D:6:      layout_loops_ring, portal_sewer_entry_f, serial_shops,
          kennysheep_mini_moat, uniq_crazy_yiuf_cottage

Skill      XL: |  1  2  3  4  5  6  7  8 |
---------------+-------------------------+-----
Fighting       | 4 5 6 |  6.8
Dodging        | 2 3 |  3.7
Stealth        | 1 2 3 |  3.2
Maces & Flails | 4 5 6 |  6.6
Ranged Weapons | 1 |  1.8
Shields        | 1 2 |  2.1
Armour         | |  2.5
Unarmed Combat | |  0.2

Action                   |  1- 3 |  4- 6 |  7- 9 || total
-------------------------+-------+-------+-------++-------
Melee: Mace              |    85 |    84 |   127 ||   296
       Unarmed           |       |     4 |       ||     4
       Punch             |       |       |     1 ||     1
 Fire: Sling             |       |    14 |     8 ||    22
Invok: Berserk           |       |     4 |     3 ||     7
  Use: Scroll            |       |       |     4 ||     4
 Stab: Sleeping          |     1 |     2 |     3 ||     6
Armor: Animal skin       |    20 |       |       ||    20
       Robe              |     9 |    40 |    51 ||   100
       Skin              |       |     1 |       ||     1
Dodge: Dodged            |    65 |    54 |    90 ||   209
Block: Other             |       |       |    43 ||    43
